 Dungeon Crawl Stone Soup version 0.31-a0-889-g1a8549509d (webtiles) character file.

Game seed: 13754107589776181291

28252 D12ThenQuit the Blocker (level 13, -2/91 HPs)
             Began as an Octopode Fighter on Oct 17, 2023.
             Was an Initiate of Gozag.
             Slain by a wyvern (14 damage)
             ... on level 4 of the Lair of Beasts.
             The game lasted 00:48:41 (14979 turns).

D12ThenQuit the Blocker (Octopode Fighter)         Turns: 14979, Time: 00:48:41

Health: -2/91      AC:  1    Str: 16    XL:     13   Next: 37%
Magic:  13/13      EV: 17    Int: 11    God:    Gozag
Gold:   402        SH: 15    Dex: 15    Spells: 10/12 levels left

rFire   + + .        a - +3 short sword (venom)
rCold   + . .        L - +2 kite shield {rF+}
rNeg    + . .        (helmet restricted)
rPois   .            F - amulet of regeneration
rElec   .            n - ring of protection from fire
rCorr   +            G - ring of flight
SInv    .            K - ring of resist corrosion
Will    .....        N - ring of Iraost {rC+ rN+}
Stlth   ++++         (no ring)
HPRegen 1.15/turn    (no ring)
MPRegen 0.13/turn    (no ring)
                     (no ring)

%: no passive effects
@: mighty, flying
A: almost no armour, amphibious, 8 rings, camouflage 1, gelatinous body 1,
(nimble swimmer 1), tentacles
a: Renounce Religion, Potion Petition, Call Merchant, Bribe Branch


You were on level 4 of the Lair of Beasts.
You worshipped Gozag.
Gozag was aware of your devotion.
You visited 3 branches of the dungeon, and saw 16 of its levels.
You also visited: Sewer.

You collected 2754 gold pieces.
You spent 835 gold pieces at shops.
You paid 1517 gold pieces to Gozag.

Inventory:

Hand Weapons
 a - a +3 short sword of venom (weapon)
 b - a +5 short sword of holy wrath
 g - a +0 sling
 p - a +0 rapier
 w - a +2 dagger of venom
 J - a +3 scimitar of flaming
 O - a +3 rapier of protection
Missiles
 f - 42 poisoned darts (quivered)
 M - 2 curare-tipped darts
Armour
 d - a +0 kite shield
 L - a +2 kite shield of fire resistance (worn)
 Q - a +1 buckler
Jewellery
 n - a ring of protection from fire (left tentacle)
 F - an amulet of regeneration (around mantle)
 G - a ring of flight (right tentacle)
 K - a ring of resist corrosion (on tentacle)
 N - the ring of Iraost (on tentacle) {rC+ rN+}
   (You acquired it on level 11 of the Dungeon)

   [ring of positive energy]

   rC+:       It protects you from cold.
   rN+:       It protects you from negative energy.
Wands
 s - a wand of quicksilver (6)
 D - a wand of polymorph (11)
 I - a wand of flame (59)
 R - a wand of iceblast (7)
Scrolls
 e - a scroll of noise
 j - 3 scrolls of blinking
 l - a scroll of identify
 m - 2 scrolls of enchant armour
 o - 4 scrolls of torment
 r - 6 scrolls of teleportation
 t - 2 scrolls of fear
 v - 2 scrolls of poison
 x - 2 scrolls of vulnerability
 y - 4 scrolls of fog
 z - 2 scrolls of butterflies {unknown}
 E - 3 scrolls of revelation
 H - 2 scrolls of immolation
 T - a scroll of silence {unknown}
Potions
 c - 3 potions of might
 h - 2 potions of haste
 i - 6 potions of heal wounds
 k - 4 potions of curing
 u - a potion of cancellation
 A - 2 potions of magic
 B - 2 potions of resistance
 C - a potion of enlightenment
 P - a potion of attraction {unknown}


   Skills:
 + Level 9.7 Fighting
 - Level 10.0 Short Blades
 + Level 9.6 Dodging
 - Level 5.0 Stealth
 + Level 14.7 Shields
 - Level 5.0 Translocations


You had 10 spell levels left.
You knew the following spells:

 Your Spells              Type           Power      Damage    Failure   Level
a - Blink                 Tloc           22%        N/A       12%         2

Your spell library contained the following spells:

 Spells                   Type           Power      Damage    Failure   Level
 Apportation              Tloc           22%        N/A       8%          1
 Lesser Beckoning         Tloc           22%        N/A       12%         2
 Momentum Strike          Conj/Tloc      10%        3d8       32%         2
 Summon Small Mammal      Summ           0%         N/A       52%         1
 Ensorcelled Hibernation  Hex/Ice        0%         N/A       67%         2
 Jinxbite                 Hex            0%         N/A       67%         2
 Summon Guardian Golem    Hex/Summ       0%         N/A       88%         3
 Anguish                  Hex/Necr       0%         N/A       99%         4
 Haunt                    Necr/Summ      0%         N/A       100%        7
 Monstrous Menagerie      Summ           0%         N/A       100%        7
 Orb of Destruction       Conj           0%         9d5       100%        7
 Spellforged Servitor     Conj/Summ      0%         N/A       100%        7
 Infestation              Necr           0%         N/A       100%        8
 Animate Dead             Necr           Unusable   N/A       N/A         4

Dungeon Overview and Level Annotations

Branches:
Dungeon (11/15)            Temple (1/1) D:5            Lair (4/5) D:11
  Swamp (0/4) Lair:2        Sewer (visited)
  Snake: Lair:2-3    Spider: Lair:2-3     Slime: Lair:4-5       Orc: D:9-12

Altars:
Ashenzari
Cheibriados
Dithmenos
Elyvilon
Fedhas
Gozag
Hepliaklqana
Kikubaaqudgha
Makhleb
Nemelex Xobeh
Okawaru
Qazlal
Ru
Sif Muna
Trog
Uskayaw
Vehumet
Wu Jian
Xom
Yredelemnul
Zin
The Shining One

Shops:
D:3 [[   D:6 (   D:7 :   D:8 !   D:11 (   Lair:2 =

Annotations:
Lair:2 exclusion: hydra
Lair:3 exclusion: hydra


Innate Abilities, Weirdness & Mutations

You cannot wear most types of armour.
You are amphibious.
You can wear up to eight rings at the same time.
Your skin changes colour to match your surroundings (Stealth+).
Your rubbery body absorbs attacks. (AC +1, EV +1)
((You are camouflaged when in or above water. (Stealth+)))
You have tentacles for arms and can constrict up to eight enemies at once.


Message History

l - a scroll of identify
Found a stone.
The wyvern hisses angrily.
You barely miss the skyshark. You squeeze the skyshark.
The skyshark is lightly wounded.
The skyshark bites you!
The skyshark tastes blood and grows stronger!
You block the skyshark's attack.
The skyshark tail-slaps you but does no damage.
Aiming: Polymorph
Press: ? - help, Shift-Dir - straight line, f - skyshark
Aim: a skyshark (lightly wounded, strong, will become a death drake, a swamp dragon, or a manticore, chance to affect: 31%)
Okay, then.
Unknown command.
Unknown command.
You feel very mighty all of a sudden. The wyvern barely misses you.
You block the skyshark's attack. The skyshark closely misses you.
The skyshark misses you.
You hit the skyshark. You squeeze the skyshark!
The skyshark is moderately wounded.
The wyvern bites you!!
You puncture the skyshark!
The skyshark is poisoned.
The skyshark is moderately wounded.
The wyvern closely misses you. The skyshark barely misses you.
The skyshark tail-slaps you! x2
You closely miss the skyshark.
The skyshark is moderately wounded.
The wyvern closely misses you.
You hit the skyshark.
The skyshark looks as sick as possible!
You squeeze the skyshark!
The skyshark is heavily wounded.
The skyshark bites you!
* * * LOW HITPOINT WARNING * * *
The skyshark enters a blood-rage!
The skyshark tail-slaps you!
* * * LOW HITPOINT WARNING * * *
The skyshark tail-slaps you.
* * * LOW HITPOINT WARNING * * *
The wyvern bites you!
You die...
Your body crumbles into a pile of gold.

#....# .(.........#..
#....## .............
#.....#
............##
#...###
##...#.....#.# #...##
#............##
##....#
..............#
#.<...#
...>.........#
#.....#
#.....l@.....#
##....#
..$...l.....##
#....##
......#...#..###
#.....#
.........###.#.#
#....## ......#.#.
#..## #.....#
####.P..####...#
#.....# #....#
###..###......
#..#####.............
#.. #................


You could see a skyshark (berserk, extremely poisoned) and a wyvern.

Vanquished Creatures
  A hydra (Lair:3)
  2 two-headed ogres
  A boulder beetle (D:11)
  Erica (D:8)
  2 bog bodies (Lair:2)
  A manticore (D:9)
  An ugly thing (D:11)
  4 black mambas
  7 elephants
  6 cane toads
  A gargoyle (D:11)
  8 komodo dragons
  2 trolls
  2 polar bears
  A hornet (D:7)
  5 blink frogs (Lair:1)
  A shadow (D:10)
  2 wyverns (D:8)
  3 wraiths
  34 yaks
  4 basilisks
  Grum (D:10)
  2 steam dragons
  9 water moccasins
  4 ice beasts
  A hornet zombie (D:6)
  4 black bears
  2 orc warriors (D:9)
  Pargi (Sewer)
  2 sky beasts
  An ogre (D:6)
  17 wolves
  4 centaurs
  2 phantoms
  3 kobold brigands
  10 bullfrogs
  4 scorpions
  2 wyvern zombies (D:6)
  A water moccasin zombie (D:6)
  7 wights
  A water moccasin skeleton (D:6)
  4 killer bees (D:11)
  3 howler monkeys (D:8)
  4 bullfrog zombies (D:6)
  3 centaur zombies (D:6)
  2 jellies
  5 orc priests
  5 hounds
  A sleepcap (D:6)
  A gnoll bouda (D:8)
  6 iguanas
  3 orc wizards
  2 killer bee zombies (D:6)
  3 gnolls (D:8)
  9 adders
  A shadow imp (D:7)
  2 ufetubi (D:5)
  A worm (D:2)
  4 dart slugs
  29 orcs
  6 endoplasms
  6 giant cockroaches
  9 goblins
  7 hobgoblins
  5 jackals
  29 kobolds
  9 quokkas
  10 ball pythons
  5 bats
  6 frilled lizards
  13 rats
360 creatures vanquished.

Notes
Turn   | Place    | Note
-------+----------+-------------------------------------------
     0 | D:1      | D12ThenQuit the Octopode Fighter began the quest for the
                  | Orb.
     0 | D:1      | Reached XP level 1. HP: 16/16 MP: 1/1
    72 | D:1      | Reached skill level 1 in Stealth
    98 | D:1      | Reached XP level 2. HP: 21/21 MP: 2/2
   382 | D:1      | Reached XP level 3. HP: 26/26 MP: 3/3
   987 | D:2      | Found the +5 woodcutter's axe
  1102 | D:2      | Reached XP level 4. HP: 22/31 MP: 4/4
  1172 | D:2      | You fall into a shaft and drop 2 floors!
  1456 | D:4      | Found a stormy altar of Qazlal.
  1459 | D:4      | Noticed a sky beast
  1797 | D:2      | Reached XP level 5. HP: 32/36 MP: 5/5
  2069 | D:3      | Found Pideagan's Armour Emporium.
  2201 | D:3      | Reached skill level 5 in Stealth
  2438 | D:3      | Found Danounge's Armour Shop.
  2595 | D:4      | Reached skill level 5 in Short Blades
  2595 | D:4      | Reached XP level 6. HP: 31/42 MP: 6/6
  2807 | D:4      | Found a shimmering blue altar of Sif Muna.
  2916 | D:4      | Noticed a black bear
  2929 | D:4      | Killed a black bear
  3196 | D:4      | Reached XP level 7. HP: 46/46 MP: 7/7
  3609 | D:5      | Entered Level 5 of the Dungeon
  3729 | D:5      | Found a glowing drain.
  3769 | Sewer    | Entered a sewer
  3792 | Sewer    | Noticed Pargi
  3795 | Sewer    | Killed Pargi
  4098 | D:5      | Reached XP level 8. HP: 52/52 MP: 8/8
  4363 | D:5      | Found a blossoming altar of Fedhas.
  4440 | D:5      | Found a staircase to the Ecumenical Temple.
  4448 | Temple   | Entered the Ecumenical Temple
  4507 | Temple   | Became a worshipper of Gozag Ym Sagoz the Greedy
  4575 | D:6      | Reached skill level 10 in Short Blades
  4798 | D:6      | Found Acsuekiz's Weapon Emporium.
  4810 | D:6      | Reached XP level 9. HP: 44/58 MP: 9/9
  5066 | D:6      | Reached skill level 5 in Fighting
  5066 | D:6      | Reached skill level 5 in Dodging
  5243 | D:6      | Found a burning altar of Makhleb.
  5459 | D:6      | Found a radiant altar of Vehumet.
  5614 | D:7      | Reached skill level 4 in Shields
  5614 | D:7      | Found Zexok's Book Emporium.
  5877 | D:7      | Noticed a hornet
  5958 | D:7      | Reached skill level 5 in Shields
  6241 | D:7      | Reached skill level 6 in Shields
  6361 | D:7      | Reached XP level 10. HP: 68/68 MP: 10/10
  6593 | D:8      | Reached skill level 7 in Shields
  6785 | D:8      | Noticed Erica
  6803 | D:8      | Noticed a two-headed ogre
  6933 | D:3      | Bought a +2 kite shield of fire resistance for 279 gold
                  | pieces
  7022 | D:7      | Bought Unam's Atlas of Assembled Geometry for 360 gold
                  | pieces
  7025 | D:7      | Learned a level 2 spell: Blink
  7071 | D:8      | Found a glowing silver altar of Zin.
  7136 | D:8      | Found Leivi's Distillery.
  7191 | D:8      | Reached skill level 8 in Shields
  7191 | D:8      | Reached skill level 1 in Translocations
  7294 | D:8      | Found an ancient bone altar of Kikubaaqudgha.
  7769 | D:9      | Noticed a manticore
  8097 | D:9      | Killed a manticore
  8442 | D:10     | Entered Level 10 of the Dungeon
  8444 | D:10     | Reached skill level 9 in Shields
  8558 | D:10     | Reached skill level 5 in Translocations
  8665 | D:10     | Found a sacrificial altar of Ru.
  8681 | D:10     | Reached XP level 11. HP: 71/72 MP: 11/11
  8865 | D:10     | Reached skill level 10 in Shields
  8882 | D:10     | Found a glowing golden altar of the Shining One.
  9047 | D:10     | Noticed Grum
  9050 | D:10     | Killed Grum
  9645 | D:11     | Identified a scroll of acquirement
  9646 | D:11     | Acquired the ring of Iraost {rC+ rN+}
  9656 | D:11     | Noticed a boulder beetle
  9672 | D:11     | Killed a boulder beetle
  9673 | D:11     | Reached skill level 11 in Shields
  9725 | D:11     | Noticed a two-headed ogre
  9745 | D:11     | Killed a two-headed ogre
  9932 | D:11     | Noticed a white ugly thing
  9943 | D:11     | Killed a white ugly thing
  9994 | D:11     | Reached skill level 12 in Shields
 10524 | D:11     | Found a staircase to the Lair.
 10576 | D:11     | Bought a glowing rapier for 196 gold pieces
 10612 | Lair:1   | Entered Level 1 of the Lair of Beasts
 10715 | Lair:1   | Reached skill level 13 in Shields
 10794 | Lair:1   | Reached XP level 12. HP: 61/80 MP: 12/12
 11755 | Lair:2   | Found a staircase to the Swamp.
 11756 | Lair:2   | Noticed a four-headed hydra
 11859 | Lair:2   | Noticed a five-headed hydra
 12526 | Lair:3   | Noticed a four-headed hydra
 12860 | Lair:3   | Noticed a seven-headed hydra
 12881 | Lair:3   | Reached skill level 14 in Shields
 13035 | Lair:3   | Noticed an eight-headed hydra
 13447 | D:8      | Killed a two-headed ogre
 13465 | D:8      | Reached XP level 13. HP: 88/90 MP: 13/13
 13579 | D:8      | Killed Erica
 14979 | Lair:4   | Slain by a wyvern

Illustrated notes

Levels and vault maps discovered:
D:1:      roderic_crossed_star, layout_loops_corners
D:2:      layout_basic
D:3:      layout_rooms, serial_shops, shop, nicolae_shop_tiny_real_fake_doors
D:4:      kennysheep_six_static_rooms, layout_loops_corners, led_sif_pool,
          nicolae_qazlal_beasts_of_the_sky
D:5:      layout_rooms, kennysheep_mini, minmay_temple_entry_fiery,
          portal_sewer_entry_a
D:6:      layout_gridville, mainiacjoe_overflow_alcove_1, vehumet_altar_wand_db,
          serial_undead, serial_undead_f, serial_undead_f, serial_undead_c,
          serial_undead_a, serial_undead_b, serial_undead_e, serial_undead_c,
          serial_undead_a, serial_shops, nicolae_shop_bloodbath_and_beyond,
          minmay_misc_feat_columns
D:7:      layout_gridville, serial_shops, nicolae_shop_advertising_works
          [nicolae_subvault_shop_adworks]
D:8:      layout_loops_cross, marbit_many_paths, zin_statuary, serial_shops,
          nicolae_shop_industrial_runoff, uniq_erica
D:9:      layout_gridville
D:10:     layout_cave_pods, mainiacjoe_overflow_surrounded_room,
          overflow_temple_1_default, uniq_grum
D:11:     layout_loops_cross, lair_entry_dummy
Temple:   dshaligram_water_room_temple
Lair:1:   layout_loops_ring, grunt_megastairs_3, infiniplex_staircase_pool
Lair:2:   layout_cave_pods, skrybe_swamp_entry_bodies, grunt_megastairs_1
Lair:3:   layout_cave_pods, guppyfry_snake_entry_island
Lair:4:   layout_cave_pods, slime_entry_1, special_room [special_room_bee],
          st_stairs_3

Skill      XL: |  1  2  3  4  5  6  7  8  9 10 11 12 13 |
---------------+----------------------------------------+-----
Stealth        | 1 2 3 4 5 |  5.0
Short Blades   | 3 5 6 8 10 | 10.0
Fighting       | 4 5 6 8 9 |  9.7
Dodging        | 4 5 6 8 9 |  9.6
Shields        | 6 9 13 14 | 14.7
Translocations | 5 |  5.0

Action                     |  1- 3 |  4- 6 |  7- 9 | 10-12 | 13-15 || total
---------------------------+-------+-------+-------+-------+-------++-------
  Melee: Rapier            |    80 |    90 |       |       |       ||   170
         Constrict         |    23 |    26 |    41 |    68 |    11 ||   169
         Tentacles         |    12 |    22 |    85 |   237 |    70 ||   426
         Punch             |     3 |       |     5 |    10 |     4 ||    22
         Dagger            |       |    41 |    55 |       |       ||    96
         Short sword       |       |       |   235 |   734 |   224 ||  1193
   Fire: Sling             |       |       |     2 |       |       ||     2
  Throw: Dart              |       |     2 |       |    14 |     8 ||    24
   Cast: Blink             |       |       |       |     6 |       ||     6
 Invoke: Call Merchant     |       |       |       |     1 |     1 ||     2
  Evoke: Wand              |       |       |       |     3 |       ||     3
    Use: Scroll            |       |     1 |     9 |    11 |     3 ||    24
         Potion            |       |     1 |     1 |       |     6 ||     8
   Stab: Sleeping          |     8 |    11 |    25 |    19 |     2 ||    65
         Distracted        |       |       |       |     4 |     1 ||     5
 Armour: Skin              |    21 |    41 |    76 |   160 |    52 ||   350
  Dodge: Dodged            |    46 |    64 |    94 |   167 |    62 ||   433
  Block: Buckler           |    16 |    23 |    52 |     7 |       ||    98
         Kite shield       |       |       |       |   281 |    92 ||   373

Table legend: (Time is in decaauts)
 A = Elapsed time spent in this place.
 B = Non-inter-level travel time spent in this place.
 C = Inter-level travel time spent in this place.
 D = Time resting spent in this place.
 E = Time spent auto-exploring this place.
 F = Levels seen in this place.
 G = Mean time per level.
                   A        B        C        D        E       F      G
               +--------+--------+--------+--------+--------+-----+--------+
         Total |  14563 |  13315 |   1248 |   1145 |   6654 |  17 |  856.6 |
       Dungeon |  10848 |   9884 |    964 |    924 |   5363 |  11 |  986.2 |
        Temple |     65 |     65 |      0 |      0 |      0 |   1 |   65.0 |
          Lair |   3480 |   3196 |    284 |    221 |   1214 |   4 |  870.0 |
         Sewer |    169 |    169 |      0 |      0 |     77 |   1 |  169.0 |
               +--------+--------+--------+--------+--------+-----+--------+

Top non-repeatable levels by time:
  Lair:2: 1633 daAuts
     D:4: 1468 daAuts
    D:10: 1255 daAuts
     D:6: 1140 daAuts
     D:9: 1046 daAuts
    D:11: 1019 daAuts
     D:8: 1013 daAuts
  Lair:1: 998 daAuts
     D:7: 996 daAuts
     D:1: 948 daAuts
     D:2: 714 daAuts
  Lair:3: 682 daAuts
     D:5: 638 daAuts
     D:3: 605 daAuts
   Sewer: 169 daAuts
